Map: [ESL] Inside and Out

Players

MaxPax

  • Race: Protoss Protoss
  • Spawn Location: 1:00

Clem - Winner!

  • Race: Terran Terran
  • Spawn Location: 7:00

Event: DreamHack SC2 Masters 2022 Atlanta (Online)

VOD

Have the link to the VOD?

Description

Time

  • Played on: Oct. 7, 2022, 10:24 a.m.
  • Length: 21:58

All games in this series

Show
View Real Time Build Order
Export as new Build Order

MaxPax Protoss 

Build Orders: 1 Gate Expand, Phoenix Opening 

Get SALT Encoding   

  12  0:00  Probe  
  13  0:12  Probe  
  14  0:17  Pylon  
  14  0:24  Probe (Chrono Boost)  
  16  0:36  Gateway, Probe (Chrono Boost)  
  16  0:43  Probe (Chrono Boost)  
  16  0:45  Assimilator  
  17  0:51  Probe  
  18  1:03  Probe  
  19  1:15  Probe  
  20  1:23  Cybernetics Core  
  20  1:30  Probe  
  21  1:33  Nexus  
  21  1:39  Pylon  
  21  1:44  Probe  
  22  1:48  Assimilator  
  22  1:56  Probe  
  22  1:57  Stalker (Chrono Boost)  
  25  2:08  Probe (Chrono Boost)  
  26  2:20  Probe (Chrono Boost)  
  27  2:24  Stargate  
  27  2:25  Probe (Chrono Boost)  
  28  2:33  Stalker  
  28  2:34  Probe  
  31  2:44  Shield Battery, Warp Gate  
  31  2:46  Probe  
  31  2:49  Probe  
  33  2:54  Shield Battery  
  33  3:01  Probe  
  33  3:02  Probe  
  35  3:06  Phoenix (Chrono Boost)  
  36  3:13  Probe  
  36  3:14  Probe  
  38  3:22  Phoenix (Chrono Boost)  
  38  3:25  Probe  
  38  3:26  Probe  
  42  3:30  Pylon  
  42  3:37  Probe  
  42  3:38  Probe  
  44  3:44  Phoenix (Chrono Boost)  
  46  3:48  Gateway  
  46  3:49  Probe  
  46  3:51  Probe  
  48  4:01  Probe  
  48  4:02  Phoenix  
  50  4:03  Probe  
  51  4:13  Probe  
  51  4:15  Robotics Facility, Probe  
  53  4:17  Pylon  
  53  4:19  Assimilator  
  53  4:21  Assimilator  
  53  4:25  Probe, Pylon  
  54  4:34  Nexus  
  54  4:35  Probe  
  54  4:37  Probe  
  56  4:41  Phoenix  
  58  4:47  Probe  
  58  4:51  Probe  
  59  4:59  Probe  
  61  5:07  Probe  
  61  5:11  Probe  
  63  5:14  Immortal (Chrono Boost)  
  63  5:15  Shield Battery  
  65  5:23  Probe x2  
  65  5:26  Robotics Bay  
  67  5:29  Pylon  
  67  5:31  Pylon  
  67  5:35  Phoenix, Probe  
  70  5:42  Pylon  
  70  5:46  Observer (Chrono Boost), Probe (Chrono Boost)  
  70  5:47  Probe x2 (Chrono Boost)  
  70  5:49  Sentry  
  76  5:50  Zealot  
  76  5:56  Probe x3 (Chrono Boost)  
  81  6:01  Probe x2 (Chrono Boost)  
  81  6:02  Probe  
  83  6:07  Pylon  
  86  6:12  Probe  
  86  6:13  Colossus (Chrono Boost), Probe  
  86  6:17  Phoenix  
  94  6:20  Probe  
  94  6:23  Pylon  
  94  6:24  Probe  
  96  6:28  Extended Thermal Lance (Chrono Boost)  
  96  6:29  Gateway  
  96  6:35  Zealot, Pylon  
  96  6:39  Probe, Pylon  
  99  6:40  Zealot  
  99  6:41  Pylon  
  101  6:49  Observer  
  101  6:56  Colossus (Chrono Boost)  
  107  7:03  Zealot x2  
  107  7:04  Pylon  
  111  7:09  Pylon  
  111  7:11  Twilight Council  
  111  7:12  Forge, Probe  
  112  7:22  Gateway  
  112  7:23  Sentry, Pylon  
  112  7:24  Zealot  
  112  7:25  Gateway x3  
  112  7:27  Pylon  
  115  7:34  Colossus (Chrono Boost)  
  115  7:37  Stalker  
  117  7:43  Protoss Ground Weapons Level 1  
  123  7:48  Zealot x2  
  127  7:53  Charge (Chrono Boost)  
  127  8:00  Probe  
  127  8:01  Probe, Assimilator  
  127  8:02  Assimilator  
  127  8:03  Gateway  
  127  8:04  Probe  
  130  8:07  Gateway  
  130  8:08  Pylon  
  130  8:11  Zealot x2, Sentry  
  136  8:15  Pylon  
  136  8:18  Zealot  
  136  8:19  Observer  
  138  8:21  Pylon  
  138  8:24  Warp Prism (Chrono Boost), Pylon  
  138  8:30  Zealot  
  138  8:32  Nexus  
  142  8:34  Templar Archives  
  142  8:35  Pylon  
  142  8:51  Probe x2  
  136  9:04  Zealot x9  
  136  9:06  Probe  
  136  9:07  Shield Battery  
  154  9:10  Warp Prism (Chrono Boost)  
  154  9:28  Probe x2  
  154  9:29  Pylon  
  156  9:31  High Templar x3  
  156  9:32  High Templar x2  
  156  9:33  High Templar x2  
  156  9:36  Archon x2  
  156  9:37  High Templar  
  156  9:38  Archon  
  172  9:48  Archon  
  172  9:58  Pylon  
  172  10:05  Observer  
  172  10:06  Probe x3  
  172  10:07  Probe  
  176  10:09  Zealot x6  
  176  10:10  Zealot x3  
  176  10:11  Disruptor (Chrono Boost), Observer  
  197  10:14  Protoss Ground Weapons Level 2 (Chrono Boost)  
  181  10:22  Probe  
  181  10:23  Probe  
  181  10:25  Robotics Facility, Probe x2  
  181  10:26  Forge  
  185  10:35  Probe x2  
  187  10:37  Nexus, Probe  
  187  10:38  Disruptor (Chrono Boost)  
  187  10:40  Blink  
  188  10:54  Pylon  
  186  11:00  Probe  
  183  11:07  Zealot x9  
  183  11:09  Protoss Ground Armor Level 1 (Chrono Boost)  
  199  11:12  Probe  
  199  11:14  Photon Cannon  
  199  11:16  Photon Cannon  
  199  11:17  Shield Battery  
  198  11:23  Disruptor (Chrono Boost)  
  198  11:24  Disruptor (Chrono Boost)  
  191  11:44  Photon Cannon  
  191  11:48  Dark Shrine, Pylon  
  191  11:56  Disruptor (Chrono Boost)  
  191  11:58  Disruptor (Chrono Boost)  
  177  12:26  Disruptor (Chrono Boost)  
  162  12:30  Disruptor (Chrono Boost)  
  162  12:32  Zealot x9  
  162  12:35  Probe x2  
  176  12:37  Protoss Ground Weapons Level 3 (Chrono Boost)  
  176  12:42  Gateway  
  176  12:43  Gateway x2  
  176  12:44  Gateway, Pylon  
  176  12:52  Stalker x5  
  176  12:53  Zealot x3, Stalker  
  176  12:55  Nexus  
  176  12:56  Disruptor (Chrono Boost)  
  176  12:58  Pylon  
  193  13:00  Disruptor (Chrono Boost)  
  193  13:02  Shadow Stride (Chrono Boost)  
  190  13:11  Protoss Ground Armor Level 2 (Chrono Boost)  
  190  13:14  Probe x2  
  190  13:15  Probe, Pylon  
  190  13:17  Dark Templar  
  189  13:27  Disruptor  
  171  13:35  Disruptor  
  171  13:37  Zealot x9  
  192  13:42  Dark Templar x3  
  180  13:56  Probe  
  180  13:57  Dark Templar  
  180  13:58  Dark Templar  
  180  13:59  Zealot x6  
  195  14:03  Disruptor  
  182  14:10  Disruptor  
  182  14:12  Zealot x2, Probe x2  
  182  14:15  Gateway, Probe  
  190  14:17  Gateway  
  190  14:18  Photon Cannon  
  190  14:19  Photon Cannon  
  190  14:20  Shield Battery, Zealot x5  
  161  14:41  Zealot x11  
  161  14:43  Disruptor  
  170  14:51  Disruptor  
  157  14:58  Probe  
  156  15:04  Stalker x3  
  156  15:05  Zealot x4, Stalker x6  
  171  15:08  Probe, Assimilator  
  171  15:13  Probe  
  173  15:15  Assimilator  
  173  15:16  Assimilator  
  173  15:17  Photon Cannon  
  173  15:20  Pylon  
  171  15:30  Zealot x14  
  195  15:49  Protoss Shields Level 1, Protoss Ground Armor Level 3  
  178  15:56  Zealot x4, Dark Templar x6  
  178  15:57  Zealot x3  
  189  16:08  Assimilator  
  181  16:21  Zealot x7  
  181  16:22  Zealot x2, Pylon  
  181  16:23  Nexus  
  199  16:30  Zealot x2  
  162  16:48  Disruptor x2  
  162  16:53  Zealot x6  
  162  16:54  Stalker x7  
  155  17:02  Photon Cannon  
  155  17:03  Photon Cannon  
  155  17:04  Shield Battery  
  155  17:05  Stalker x2  
  159  17:14  Zealot  
  159  17:15  Zealot x5  
  169  17:22  Stalker x4  
  167  17:23  Stalker  
  167  17:27  Zealot x2  
  149  17:41  Stalker x5  
  143  17:56  Stalker  
  143  17:57  Stalker x4  
  153  18:01  Zealot  
  153  18:02  Zealot x2  
  153  18:05  Observer  
  120  18:29  Stalker x7  
  120  18:30  Zealot x4  
  142  18:36  Dark Templar x3  
  145  18:47  Dark Templar  
  132  19:09  Disruptor (Chrono Boost)  
  134  19:13  Zealot x8, Stalker x2  
  134  19:15  Stalker x2  
  134  19:16  Stalker x2  
  159  19:17  Disruptor (Chrono Boost)  
  148  19:40  Disruptor (Chrono Boost)  
  139  19:56  Zealot x9, Pylon  
  139  19:57  Zealot x4  
  165  20:00  Disruptor (Chrono Boost)  
  165  20:07  Disruptor (Chrono Boost)  
  165  20:11  Zealot x2  
  165  20:13  Pylon  
  172  20:16  Zealot  
  172  20:17  Zealot x4  
  155  20:40  Dark Templar x4  
  155  20:41  Zealot x6  
  167  20:46  Disruptor (Chrono Boost)  
  169  20:52  Disruptor (Chrono Boost)  
  159  20:58  Nexus  
  141  21:19  Disruptor (Chrono Boost)  
  144  21:29  Disruptor (Chrono Boost)  
  141  21:33  Zealot x8  
  129  21:55  Stalker x3  
Show
View Real Time Build Order
Export as new Build Order

Clem Terran - Winner!

Build Orders: 1/1/1 

Get SALT Encoding   

  12  0:00  SCV  
  13  0:12  SCV  
  14  0:16  Supply Depot  
  14  0:24  SCV  
  14  0:27  Refinery  
  15  0:38  SCV  
  16  0:43  Barracks  
  16  0:50  SCV  
  16  0:56  Supply Depot  
  17  1:02  SCV  
  18  1:14  SCV  
  19  1:32  Marine  
  20  1:33  Orbital Command  
  20  1:35  Factory  
  20  1:55  Barracks Reactor  
  20  1:58  SCV  
  21  2:08  Command Center  
  21  2:11  SCV  
  22  2:23  SCV, Starport  
  23  2:35  Hellion x2  
  27  2:38  Supply Depot  
  27  2:41  SCV  
  28  2:52  Barracks Tech Lab  
  28  2:53  SCV  
  29  2:59  Hellion x2  
  33  3:05  SCV  
  33  3:06  Refinery  
  33  3:15  Medivac  
  33  3:17  SCV  
  36  3:20  Orbital Command  
  36  3:23  Widow Mine  
  38  3:28  Widow Mine  
  38  3:29  SCV  
  38  3:31  Marine  
  42  3:38  Supply Depot  
  42  3:40  Orbital Command  
  42  3:42  SCV  
  43  3:54  SCV  
  44  3:56  Barracks  
  42  4:03  Marine x2  
  42  4:04  Cyclone  
  42  4:07  SCV x2  
  43  4:19  SCV  
  43  4:20  Barracks  
  43  4:21  SCV, Marine x2  
  47  4:27  Supply Depot  
  47  4:31  SCV  
  48  4:33  SCV  
  49  4:39  Marine x2  
  49  4:43  SCV  
  52  4:45  SCV  
  52  4:47  Supply Depot  
  52  4:51  Marine  
  54  4:54  Stimpack  
  54  4:55  SCV  
  54  4:57  SCV, Marine x2  
  56  5:07  Engineering Bay, SCV  
  56  5:08  Refinery, Barracks Tech Lab  
  56  5:09  Starport Reactor, Marine  
  56  5:10  SCV  
  56  5:13  Factory Reactor  
  57  5:14  Marine  
  57  5:15  Marine  
  57  5:18  Supply Depot  
  57  5:19  SCV  
  60  5:22  SCV  
  60  5:26  Supply Depot, Combat Shield, Marine x2  
  63  5:32  Refinery, Marine, SCV  
  63  5:33  Marine  
  63  5:35  SCV  
  66  5:37  Terran Infantry Weapons Level 1  
  65  5:44  Marine x2  
  65  5:46  Medivac  
  65  5:49  Medivac  
  71  5:50  Marine  
  71  5:51  Marine  
  71  5:52  Widow Mine  
  71  5:54  Widow Mine  
  71  5:56  SCV x2  
  78  6:02  Marine x2  
  78  6:03  Missile Turret  
  80  6:06  Missile Turret  
  80  6:08  Supply Depot, Marine  
  80  6:09  Marine  
  82  6:13  Widow Mine  
  84  6:20  Marine x2  
  86  6:26  Marine  
  86  6:28  Command Center  
  87  6:33  Supply Depot  
  87  6:34  Widow Mine  
  87  6:36  Medivac  
  87  6:38  Marauder  
  93  6:40  SCV x2  
  93  6:42  Medivac  
  93  6:46  Marauder  
  96  6:54  SCV x2  
  98  6:57  Barracks  
  98  6:59  Barracks  
  98  7:06  SCV, Marauder, Concussive Shells  
  98  7:07  Factory Tech Lab  
  103  7:08  Marauder  
  103  7:09  SCV  
  103  7:11  Marine  
  103  7:12  Marine  
  103  7:15  Supply Depot  
  106  7:18  SCV  
  106  7:21  SCV  
  108  7:31  Marauder  
  108  7:32  SCV, Terran Infantry Armor Level 1  
  108  7:33  SCV  
  108  7:36  Marine x3  
  108  7:37  Siege Tank  
  116  7:44  SCV  
  116  7:45  SCV  
  116  7:46  Medivac x2  
  116  7:51  Supply Depot, Barracks Reactor, Barracks Tech Lab  
  122  7:54  Marauder  
  122  7:56  SCV  
  122  7:58  SCV  
  124  8:01  Supply Depot  
  124  8:05  Missile Turret  
  124  8:07  Orbital Command  
  124  8:08  SCV  
  124  8:09  Marine x2  
  124  8:10  SCV  
  128  8:13  Marauder  
  128  8:15  Marauder  
  128  8:19  Siege Tank  
  135  8:20  SCV  
  135  8:22  SCV  
  136  8:27  Supply Depot  
  136  8:31  Viking x2  
  136  8:32  SCV  
  136  8:33  SCV, Refinery  
  143  8:34  SCV  
  143  8:36  Marauder  
  143  8:39  Marauder  
  143  8:40  Marauder  
  149  8:43  Supply Depot  
  149  8:46  Refinery  
  149  8:53  Engineering Bay  
  149  8:54  Armory, Siege Tank  
  151  9:00  Command Center  
  150  9:06  Viking x2  
  150  9:09  Supply Depot  
  154  9:12  Marauder  
  154  9:15  Marauder  
  154  9:16  Marauder  
  160  9:20  Marine x3  
  160  9:21  Supply Depot, Marine  
  160  9:22  SCV  
  165  9:30  SCV x2, Siege Tank  
  165  9:31  Ghost Academy, Supply Depot  
  170  9:35  Marauder  
  170  9:37  Sensor Tower, Marauder  
  174  9:41  Terran Infantry Weapons Level 2  
  174  9:43  Terran Infantry Armor Level 2  
  173  9:47  Supply Depot  
  169  9:59  Ghost x3  
  169  10:02  Viking  
  177  10:07  Viking  
  177  10:10  Missile Turret x2  
  178  10:14  Siege Tank  
  178  10:16  Marine x2  
  182  10:22  SCV  
  182  10:27  SCV  
  182  10:28  Terran Ship Weapons Level 1  
  184  10:32  Command Center  
  184  10:35  Supply Depot  
  184  10:36  Refinery  
  184  10:37  Refinery, Ghost  
  184  10:38  Missile Turret  
  186  10:43  Viking  
  186  10:48  Planetary Fortress  
  188  10:52  Marauder  
  188  10:53  SCV  
  191  10:57  Marauder, Marine  
  191  10:58  Marine  
  191  10:59  SCV  
  191  11:03  SCV  
  191  11:04  Sensor Tower  
  195  11:05  SCV  
  195  11:06  Marauder  
  198  11:12  SCV  
  198  11:15  SCV  
  200  11:22  Ghost  
  200  11:23  SCV, Marine  
  200  11:25  SCV  
  194  11:26  Medivac  
  194  11:29  Siege Tank  
  194  11:30  Marine  
  199  11:40  Barracks, SCV  
  199  11:41  Barracks x2  
  199  11:46  Command Center, Orbital Command  
  200  11:50  Missile Turret  
  200  11:55  Missile Turret  
  200  11:58  Starport  
  200  12:04  Ghost  
  200  12:10  Terran Infantry Armor Level 3, Terran Infantry Weapons Level 3  
  200  12:13  Viking  
  200  12:20  Missile Turret  
  194  12:26  Ghost  
  194  12:27  Viking, Siege Tank  
  186  12:31  Marine  
  186  12:35  Marauder x2, Marine  
  189  12:37  Missile Turret  
  189  12:40  Enhanced Shockwaves  
  189  12:43  Viking  
  191  12:47  Starport Reactor  
  191  12:48  Terran Ship Weapons Level 2  
  191  12:54  SCV  
  191  12:55  SCV x2  
  191  12:56  Marauder  
  191  12:57  Viking  
  198  13:07  Marauder  
  200  13:22  Command Center  
  199  13:29  Siege Tank  
  199  13:31  Ghost  
  198  13:35  Marauder  
  198  13:37  Marine, Ghost  
  195  13:48  Marine  
  180  13:49  Marine  
  180  13:50  SCV, Planetary Fortress, Marine  
  180  13:53  Missile Turret  
  183  13:55  Liberator x2  
  183  13:57  Marauder, Marine  
  183  13:58  Marine  
  183  13:59  Marine  
  183  14:00  Marine  
  183  14:01  Liberator, Marauder  
  199  14:06  Marauder  
  199  14:08  SCV  
  193  14:11  SCV  
  193  14:13  SCV  
  195  14:17  SCV, Missile Turret  
  195  14:18  Missile Turret, Marauder  
  195  14:21  SCV  
  195  14:22  Marauder  
  185  14:31  Marauder  
  185  14:36  Marine  
  185  14:37  Marine x2  
  164  14:39  Marauder, Marine x2  
  164  14:42  Marine  
  164  14:43  Marauder  
  154  14:45  Marine  
  154  14:47  SCV  
  156  14:53  Marauder  
  156  14:54  Marine  
  156  14:59  Marine x2  
  154  15:00  Marine x2  
  154  15:01  Marauder  
  154  15:03  Marine  
  154  15:04  Marine  
  154  15:05  Marauder  
  159  15:08  SCV  
  159  15:13  Ghost  
  160  15:14  Marine  
  160  15:19  Siege Tank  
  166  15:21  Ghost  
  166  15:23  Fusion Core  
  166  15:25  Liberator x2  
  166  15:26  Marauder  
  166  15:27  Liberator  
  175  15:30  SCV  
  175  15:34  Liberator  
  177  15:43  Marauder  
  177  15:48  Marauder  
  168  15:50  Marine x2  
  168  15:51  Marauder  
  166  15:58  Planetary Fortress  
  166  16:02  Missile Turret  
  166  16:03  Refinery x2, Ghost  
  166  16:07  Siege Tank  
  166  16:08  Liberator, Ghost  
  166  16:09  Marine x2  
  177  16:12  Marauder  
  179  16:21  SCV  
  179  16:22  Liberator x2  
  186  16:27  Marine  
  186  16:28  Marine  
  181  16:33  Liberator, Marauder x2  
  181  16:37  Marauder  
  162  16:49  Marine  
  162  16:51  Liberator  
  162  16:52  Marine  
  151  16:54  Marauder  
  151  16:55  SCV, Marauder  
  151  16:57  Orbital Command  
  151  16:59  SCV x3  
  157  17:04  Marine x2  
  157  17:05  Liberator  
  157  17:07  SCV  
  163  17:11  SCV x3  
  163  17:15  Marauder x2, Marine  
  171  17:19  SCV  
  171  17:22  Liberator  
  168  17:26  Marauder  
  168  17:27  Marine  
  168  17:28  Marine  
  167  17:36  Marauder  
  161  17:37  Marauder, Marine  
  161  17:39  SCV  
  162  17:44  Liberator  
  162  17:48  Marauder  
  164  17:52  SCV x3  
  164  17:53  SCV  
  164  17:54  SCV  
  164  17:57  Missile Turret  
  169  18:01  Sensor Tower  
  169  18:08  Marauder  
  171  18:19  Marine x2  
  164  18:20  Marauder x2, Marine  
  165  18:30  Command Center, Marauder  
  165  18:31  Refinery, Marine  
  165  18:32  Marine x2  
  170  18:35  Marine  
  170  18:37  SCV, Marine  
  175  18:41  Marauder x2  
  175  18:43  Liberator x2  
  181  18:50  Sensor Tower  
  181  18:51  Liberator, Marauder  
  183  18:59  Liberator  
  183  19:02  Marauder x2  
  171  19:09  SCV  
  166  19:10  SCV x2  
  166  19:11  SCV  
  166  19:12  Ghost  
  166  19:16  Marine x2  
  172  19:17  SCV  
  172  19:19  Marine  
  172  19:21  Marine  
  172  19:24  Marauder x2  
  179  19:26  Fusion Core  
  179  19:29  Marine x2  
  181  19:32  SCV x2  
  182  19:41  Marauder  
  182  19:43  SCV  
  182  19:44  Ghost  
  182  19:45  Marauder, Marine  
  183  19:50  Marine  
  181  20:01  Marine  
  181  20:02  Marauder  
  181  20:06  Ghost  
  186  20:10  Orbital Command  
  186  20:14  Marauder  
  185  20:18  Marine x3  
  185  20:21  Marine x4  
  178  20:24  Marauder  
  170  20:30  Advanced Ballistics  
  170  20:35  Marauder x2, Marine x2  
  161  20:36  Marine  
  161  20:37  Liberator  
  167  20:45  Marauder  
  167  20:46  Marine  
  169  20:53  Marine  
  169  20:55  Marine x2  
  169  20:56  Marauder x2  
  176  20:59  Liberator  
  176  21:03  Liberator x2  
  184  21:05  Marine  
  184  21:06  Marauder, Orbital Command  
  187  21:18  Marauder x2  
  191  21:24  Siege Tank  
  194  21:26  Marine x2  
  194  21:28  Marauder  
  194  21:29  Marine  
  194  21:30  Marine x2  
  199  21:36  Marine  
Tags
 
Add a new tag
Caveats
  • Supply blocks, unpowered buildings, or Contaminate may cause inaccurate times.
  • Supply counts are checked every 10 seconds.